 Dungeon Crawl Stone Soup version 0.19.1-1-g22dce08 (webtiles) character file.

193 manyhoops the Chopper (level 5, -5/47 HPs)
             Began as a Hill Orc Fighter on Jan 6, 2017.
             Slain by dngmouse's ghost (11 damage)
             ... on level 4 of the Dungeon on Jan 17, 2017.
             The game lasted 00:04:14 (1946 turns).

manyhoops the Chopper (Hill Orc Fighter)            Turns: 1946, Time: 00:04:14

Health: -5/47      AC: 11    Str: 20    XL:     5   Next: 72%
Magic:  5/5        EV:  6    Int:  8    God:    Xom [..*...]
Gold:   159        SH:  0    Dex: 10    Spells: 0 memorised, 4 levels left

rFire  . . .     SeeInvis .     a - +0 war axe
rCold  + . .     Gourm    .     n - +0 plate armour
rNeg   . . .     Faith    .     (no shield)
rPois  .         Spirit   .     (no helmet)
rElec  .         Reflect  .     (no cloak)
rCorr  .         Harm     .     (no gloves)
MR     .....                    (no boots)
Stlth  ..........               i - amulet of rage
                                s - ring of ice
                                r - ring of protection from fire

@: no status effects
A: no striking features
a: Renounce Religion, Evoke Berserk Rage


You were on level 4 of the Dungeon.
You worshipped Xom.
You were a toy of Xom.
You were near starving.

You visited 1 branch of the dungeon, and saw 4 of its levels.

You collected 159 gold pieces.

Inventory:

Hand Weapons
 a - a +0 war axe (weapon)
Armour
 c - a +0 shield
 n - a +0 plate armour (worn)
Jewellery
 i - an amulet of rage (around neck)
 r - a ring of protection from fire (left hand)
 s - a ring of ice (right hand)
Scrolls
 b - 2 scrolls of teleportation {unknown}
 g - 2 scrolls of fear {unknown}
 h - 8 scrolls of identify {unknown}
 k - a scroll of magic mapping {unknown}
 o - a scroll of amnesia {unknown}
 p - a scroll of fog {unknown}
Potions
 d - a potion of might
 e - a potion of haste {unknown}
 l - a potion of magic {unknown}
 m - a potion of curing {unknown}
 q - a potion of degeneration {unknown}
Comestibles
 f - 7 bread rations
 j - a beef jerky
 t - a meat ration


   Skills:
 + Level 4.4 Fighting
 * Level 5.9 Axes
 + Level 4.3 Armour
 - Level 3.5 Shields


You had 4 spell levels left.
You didn't know any spells.

Dungeon Overview and Level Annotations

Branches:
Dungeon (4/15)
 Temple: D:4-7

Altars:
Xom

Annotations:
D:4 dngmouse's ghost, amateur MiFi


Message History

You are too injured to fight recklessly!
You are too injured to fight recklessly!
Unknown command.
You are too injured to fight recklessly!
You hit dngmouse's ghost.
Dngmouse's ghost is heavily damaged.
Dngmouse's ghost closely misses you.
You hit dngmouse's ghost.
Dngmouse's ghost is heavily damaged.
Dngmouse's ghost barely misses you.
You hit dngmouse's ghost but do no damage.
Dngmouse's ghost is heavily damaged.
Dngmouse's ghost hits you!
* * * LOW HITPOINT WARNING * * *
Dngmouse's ghost barely misses you.
Your plate armour prevents you from hitting dngmouse's ghost.
Dngmouse's ghost is heavily damaged.
Dngmouse's ghost hits you!
You die...
Xom giggles madly!

##########.####
#......@W......
#.#######.#####
#.# # #.# #.#
#####.######
#.####............
.>......#########.
..####.##


You could see dngmouse's ghost.

Vanquished Creatures
  Terence (D:2)
  Ijyb (D:2)
  5 adders
  3 gnolls (D:3)
  A shadow imp (D:3)
  2 dart slugs
  2 leopard geckos
  An orc (D:3)
  2 giant cockroaches
  10 goblins
  8 hobgoblins
  A quokka (D:3)
  5 bats
  3 frilled lizards
  4 kobolds
  6 rats
55 creatures vanquished.

Notes
Turn   | Place    | Note
-------+----------+-------------------------------------------
     0 | D:1      | manyhoops the Hill Orc Fighter began the quest for the Orb.
     0 | D:1      | Reached XP level 1. HP: 19/19 MP: 1/1
   189 | D:1      | Reached XP level 2. HP: 27/27 MP: 2/2
   277 | D:1      | Reached skill level 3 in Axes
   646 | D:2      | Noticed Terence
   650 | D:2      | Reached XP level 3. HP: 32/33 MP: 3/3
   654 | D:2      | Killed Terence
   654 | D:2      | Reached skill level 4 in Axes
   687 | D:2      | Noticed Ijyb
   698 | D:2      | Killed Ijyb
   698 | D:2      | Reached XP level 4. HP: 28/40 MP: 4/4
  1199 | D:3      | Found a faded altar of an unknown god.
  1203 | D:3      | Reached skill level 5 in Axes
  1215 | D:3      | Reached XP level 5. HP: 21/47 MP: 5/5
  1549 | D:3      | Became a worshipper of Xom of Chaos
  1627 | D:3      | XOM: harmless Chrm miscast
  1690 | D:3      | XOM: divination: detect items
  1728 | D:3      | XOM: divination: magic mapping
  1747 | D:3      | XOM: harmless Ice miscast
  1935 | D:4      | Noticed dngmouse's ghost (amateur MiFi)
  1935 | D:4      | XOM: harmless Chrm miscast
  1946 | D:4      | Slain by dngmouse's ghost

Skill      XL: |  1  2  3  4 |
---------------+-------------+-----
Axes           | 3 4 5 |  5.9
Fighting       | 4 |  4.4
Armour         | 4 |  4.3
Shields        | |  3.5

Action                   |  1- 3 |  4- 6 || total
-------------------------+-------+-------++-------
Melee: War axe           |    55 |   157 ||   212
 Abil: Evoke Berserk Rag |     1 |       ||     1
  Eat: Chunk             |       |     3 ||     3
Armor: Scale mail        |    23 |       ||    23
       Ring mail         |     3 |    20 ||    23
       Plate armour      |       |    93 ||    93
Dodge: Dodged            |    29 |    71 ||   100
